 Dungeon Crawl Stone Soup version 0.22-a0-412-g2b68d14 (webtiles) character file.

7187 Gorice the Thaumaturge (level 10, 0/55 (56) HPs)
             Began as a Deep Elf Wanderer on May 12, 2018.
             Was a High Priest of Vehumet.
             Slain by a yak (10 damage)
             ... on level 9 of the Dungeon.
             The game lasted 01:14:03 (11502 turns).

Gorice the Thaumaturge (Deep Elf Wanderer)         Turns: 11502, Time: 01:14:04

HP:   0/55 (56)     AC:  8    Str:  9    XL:     10   Next: 87%
MP:   23/27         EV: 11    Int: 22    God:    Vehumet [*****.]
Gold: 231           SH:  0    Dex: 16    Spells: 7/32 levels left

rFire    + . .     SeeInvis .   a - staff of wizardry
rCold    . . .     Gourm    .   (no shield)
rNeg     . . .     Faith    .   h - +1 leather armour {rF+}
rPois    .         Spirit   .   (no helmet)
rElec    .         Reflect  .   k - +0 cloak
rCorr    .         Harm     .   y - +1 pair of gloves
MR       ++...                  t - +0 pair of boots
Stlth    ++........             (no amulet)
HPRegen  0.18/turn              I - +3 ring of intelligence
MPRegen  0.20/turn              m - ring of protection from magic

@: no status effects
A: no striking features
a: Renounce Religion


You were on level 9 of the Dungeon.
You worshipped Vehumet.
Vehumet was extremely pleased with you.
You were not hungry.

You visited 2 branches of the dungeon, and saw 10 of its levels.

You collected 335 gold pieces.
You spent 104 gold pieces at shops.

Inventory:

Hand Weapons
 b - a +2 quarterstaff of crushing
   (You found it on level 7 of the Dungeon)
 q - a +2 dagger of speed
   (You took it off an orc on level 5 of the Dungeon)
 B - a +0 blowgun
 C - a +1 spear
 H - a +2 dagger of draining
   (You took it off an orc wizard on level 4 of the Dungeon)
 L - a +0 scimitar
Missiles
 l - 8 javelins (quivered)
 F - 5 needles of sleeping
 M - 3 curare-tipped needles
 Y - 175 stones
 Z - 2 throwing nets
Armour
 h - a +1 leather armour of fire resistance (worn)
   (You took it off an orc on level 8 of the Dungeon)
 k - a +0 cloak (worn)
 t - a +0 pair of boots (worn)
 w - a +2 leather armour
 y - a +1 pair of gloves (worn)
Magical Staves
 a - an uncursed staff of wizardry (weapon)
 P - an uncursed staff of poison
Jewellery
 c - an uncursed ring of protection from cold
 m - a ring of protection from magic (right hand)
 I - a +3 ring of intelligence (left hand)
Wands
 G - a wand of polymorph (12)
 J - a wand of digging (11)
Scrolls
 r - 2 scrolls of remove curse
 z - 3 scrolls of amnesia
 D - a scroll of teleportation {!r}
 E - 2 scrolls of blinking
 K - a scroll of enchant weapon
 N - a scroll of immolation {unknown}
 O - a scroll of identify
Potions
 e - 3 potions of ambrosia
 f - a potion of heal wounds {!q}
 g - 3 potions of curing
 i - a potion of cancellation {!q}
 j - 4 potions of haste {!q}
 n - a potion of lignification {!q}
 o - a potion of invisibility {!q}
 p - a potion of flight
 s - a potion of magic {!q}
 u - 2 potions of might {!q}
 v - 2 potions of mutation {!q}
 x - a potion of berserk rage {unknown}
 A - 3 potions of brilliance {!q}
Comestibles
 d - 18 rations
 Q - 2 chunks of flesh


   Skills:
 - Level 3.2 Fighting
 - Level 1.0 Throwing
 - Level 1.2 Dodging
 - Level 1.2 Stealth
 + Level 11.9 Spellcasting
 - Level 9.0 Conjurations
 - Level 8.0 Hexes
 - Level 9.3 Fire Magic
   Level 1.1 Ice Magic
 * Level 4.1 Earth Magic
 - Level 1.1 Poison Magic


You had 7 spell levels left.
You knew the following spells:

 Your Spells              Type           Power        Failure   Level  Hunger
a - Sting                 Conj/Pois      ####         1%          1    None
b - Searing Ray           Conj           ######       1%          2    None
c - Confuse               Hex            #####...     1%          3    None
d - Dazzling Spray        Conj/Hex       ######       1%          3    None
e - Tukima's Dance        Hex            #####...     1%          3    None
f - Sticky Flame          Conj/Fire      ######..     1%          4    None
g - Conjure Flame         Conj/Fire      ######..     1%          3    None
h - Iron Shot             Conj/Erth      #####.....   8%          6    #####..

Your spell library contained the following spells:

 Spells                   Type           Power        Failure   Level  Hunger
 Magic Dart               Conj           ####         1%          1    None
 Iskenderun's Mystic Bla  Conj           ######..     1%          4    None
 Ignite Poison            Fire/Tmut/Pois ####....     1%          3    None
 Ensorcelled Hibernation  Hex/Ice        ####..       1%          2    None
 Corona                   Hex            #####..      1%          1    None
 Fulminant Prism          Conj/Hex       ######....   1%          4    None
 Force Lance              Conj/Tloc      ####....     1%          4    None


Dungeon Overview and Level Annotations

Branches:
Dungeon (9/15)             Temple (1/1) D:4
   Lair: D:8-11         Orc: D:9-12

Altars:
Ashenzari
Cheibriados
Dithmenos
Elyvilon
Fedhas
Gozag
Hepliaklqana
Kikubaaqudgha
Makhleb
Nemelex Xobeh
Okawaru
Qazlal
Ru
Sif Muna
Trog
Uskayaw
Vehumet
Wu Jian
Xom
Yredelemnul
Zin
The Shining One

Shops:
D:5 !   D:7 }   D:9 }


Message History

Aim: a yak (almost dead)
The sticky flame hits the yak.
The yak is almost dead.
The yak is covered in liquid flames!
The yak burns!
You kill the yak!
Vehumet accepts your kill.
You feel your power returning.
The yak is engulfed in blazing flames.
The yak gores you!
Damage: 10 (max 10)
You hit the yak but do no damage.
The yak is heavily wounded.
The yak is engulfed in blazing flames.
The yak barely misses you.
You hit the yak but do no damage.
The yak is severely wounded.
The yak is engulfed in blazing flames.
You kill the yak!
Vehumet accepts your kill.
You feel your power returning.
The yak is engulfed in blazing flames.
The yak gores you!
Damage: 10 (max 10)
You barely miss the yak.
The yak is moderately wounded.
The yak is engulfed in blazing flames.
The yak barely misses you.
You hit the yak but do no damage.
The yak is heavily wounded.
The yak is engulfed in blazing flames.
The yak gores you!
* * * LOW HITPOINT WARNING * * *
Damage: 14 (max 14)
You hit the yak.
The yak is almost dead.
The yak is engulfed in blazing flames.
You kill the yak!
Vehumet accepts your kill.
Your Earth Magic skill increases to level 4!
The yak is engulfed in blazing flames.
The yak gores you!
* * * LOW HITPOINT WARNING * * *
Damage: 12 (max 14) Unknown command.
Unknown command.
The yak is engulfed in blazing flames. x2
There is a stone staircase leading up, spattered with blood here.
Casting: Sticky Flame (safe; 1% risk of failure)
Confirm with . or Enter, or press ? or * to list all spells.
Aiming: Sticky Flame (safe; 1% risk of failure)
Press: ? - help, Shift-Dir - straight line, f - yak
Aim: a yak (heavily wounded)
The sticky flame hits the yak.
The yak is severely wounded.
The yak is covered in liquid flames!
The yak burns!
The yak gores you!
You die...

#......#.....................
#......#.....................
#......'....................Y
######.##'#####...##....##...####
##.#...##..####...##....##...###.
........).........†......†.......
..................).<...†........
...##......[..)...Y.....##..###..
###############.@Y##....##..###..
...# ##....##.####....#....#...
...# #.....#....########)..'...
...+ #.....#....##....##...#...
...# #.....'.....#.....#...#...
...# ##....#.....#....##..###..
...######....##...##....##..###..
...##..########...##)...##....#..
...#..............###)####..n.'..


You could see 2 yaks.

Vanquished Creatures
  Psyche (D:9)
  A kobold demonologist (D:8)
  Sigmund (D:2)
  4 yaks (D:9)
  A wyvern (D:8)
  Eustachio (D:5)
  A hungry ghost (D:9)
  A black bear (D:7)
  2 orc warriors
  2 sky beasts
  A phantom (D:6)
  An eye of draining (D:8)
  2 ice beasts
  A necrophage (D:9)
  10 ogres
  5 centaurs
  12 big kobolds
  3 bullfrogs (D:8)
  A wyvern zombie (D:9)
  4 scorpions
  9 killer bees
  A crimson imp (D:7)
  A bullfrog zombie (D:6)
  A centaur zombie (D:8)
  7 hounds
  2 jellies (D:8)
  5 bullfrog skeletons
  8 orc priests
  2 centaur skeletons
  Jessica (D:2)
  11 orc wizards
  4 iguanas
  5 worker ants
  A hound skeleton (D:6)
  A gnoll (D:1)
  15 adders
  A worker ant zombie (D:8)
  4 shadow imps
  An ooze (D:5)
  3 adder zombies
  An adder skeleton (D:6)
  7 worms
  8 leopard geckos
  34 orcs
  4 bats (D:1)
  8 giant cockroaches
  2 gnoll zombies (D:5)
  2 goblins
  5 hobgoblins
  33 jackals
  7 quokkas
  A ball python (D:2)
  A ball python skeleton (D:4)
  4 frilled lizards
  A jackal skeleton (D:8)
  A jackal zombie (D:6)
  18 kobolds
  20 rats
295 creatures vanquished.

Vanquished Creatures (others)
  4 plants (D:9)
4 creatures vanquished.

Grand Total: 299 creatures vanquished

Notes
Turn   | Place    | Note
-------+----------+-------------------------------------------
     0 | D:1      | Gorice the Deep Elf Wanderer began the quest for the Orb.
     0 | D:1      | Gorice set off with: a +2 leather armour, a +0 spear, a ration
     0 | D:1      | Reached XP level 1. HP: 14/14 MP: 5/5
     2 | D:1      | Learned a level 1 spell: Sting
    91 | D:1      | HP: 2/14 [gnoll/club (7)]
    97 | D:1      | Reached skill level 2 in Spellcasting
    97 | D:1      | Reached skill level 1 in Conjurations
    97 | D:1      | Reached XP level 2. HP: 4/19 MP: 5/7
    99 | D:1      | --xpl lvl 2 of 1st monster!
   606 | D:1      | Reached skill level 2 in Conjurations
   983 | D:2      | Reached XP level 3. HP: 22/23 MP: 6/8
  1043 | D:2      | Noticed Jessica
  1050 | D:2      | Killed Jessica
  1050 | D:2      | Reached skill level 3 in Spellcasting
  1050 | D:2      | Reached skill level 3 in Conjurations
  1168 | D:2      | Reached XP level 4. HP: 24/28 MP: 4/10
  1399 | D:2      | Found a blossoming altar of Fedhas.
  1484 | D:2      | Noticed Sigmund
  1498 | D:2      | Killed Sigmund
  1498 | D:2      | Reached skill level 4 in Spellcasting
  1498 | D:2      | Reached skill level 5 in Conjurations
  1498 | D:2      | Reached XP level 5. HP: 24/32 MP: 8/13
  1868 | D:2      | Found a sparkling altar of Nemelex Xobeh.
  1868 | D:2      | Found a radiant altar of Vehumet.
  1875 | D:2      | Became a worshipper of Vehumet
  2004 | D:3      | Found a burning altar of Makhleb.
  2078 | D:3      | Reached XP level 6. HP: 33/37 MP: 4/15
  2559 | D:3      | Reached * piety under Vehumet
  2559 | D:3      | Offered knowledge of Freeze by Vehumet.
  2559 | D:3      | Reached skill level 5 in Spellcasting
  2937 | D:3      | Reached skill level 6 in Conjurations
  3194 | D:4      | Reached XP level 7. HP: 24/41 MP: 7/17
  3344 | D:4      | Reached ** piety under Vehumet
  3344 | D:4      | Offered knowledge of Searing Ray by Vehumet.
  3352 | D:4      | Learned a level 2 spell: Searing Ray
  3365 | D:4      | Learned a level 3 spell: Dazzling Spray
  3453 | D:4      | Reached skill level 1 in Hexes
  3465 | D:4      | HP: 7/41 [something/magic dart (7)]
  3465 | D:4      | HP: 3/41 [something/puff of flame (4)]
  3466 | D:4      | Reached skill level 6 in Spellcasting
  3505 | D:4      | Found a staircase to the Ecumenical Temple.
  4386 | D:5      | Entered Level 5 of the Dungeon
  4404 | D:5      | Reached skill level 7 in Conjurations
  4404 | D:5      | Reached skill level 2 in Hexes
  4446 | D:4      | HP: 10/41 [something/puff of frost (8)]
  4447 | D:4      | Reached skill level 3 in Hexes
  4803 | D:5      | Found Nuloz's Distillery.
  4834 | D:5      | Bought a potion of curing for 39 gold pieces
  4955 | D:5      | Reached skill level 4 in Hexes
  5008 | D:5      | Reached XP level 8. HP: 46/46 MP: 15/19
  5013 | D:5      | Offered knowledge of Inner Flame by Vehumet.
  5345 | D:5      | Found a basalt altar of Yredelemnul.
  5354 | D:5      | Learned a level 3 spell: Confuse
  5358 | D:5      | Learned a level 3 spell: Tukima's Dance
  5481 | D:5      | Reached *** piety under Vehumet
  5490 | D:5      | Reached skill level 8 in Conjurations
  5490 | D:5      | Reached skill level 5 in Hexes
  5576 | D:5      | Noticed Eustachio
  5593 | D:5      | Killed Eustachio
  5593 | D:5      | Reached skill level 7 in Spellcasting
  5826 | D:5      | Bought a potion of might for 52 gold pieces
  5826 | D:5      | Bought a potion of degeneration for 13 gold pieces
  5913 | D:6      | Reached skill level 6 in Hexes
  6132 | D:6      | Offered knowledge of Sticky Flame by Vehumet.
  6138 | D:6      | Learned a level 4 spell: Sticky Flame
  6362 | D:6      | Reached skill level 9 in Conjurations
  6362 | D:6      | Reached skill level 7 in Hexes
  6470 | D:6      | Found a bloodstained altar of Trog.
  6803 | D:7      | Reached skill level 1 in Fire Magic
  6803 | D:7      | Reached XP level 9. HP: 51/51 MP: 11/22
  6873 | D:7      | Reached skill level 8 in Spellcasting
  7114 | D:7      | Reached skill level 2 in Fire Magic
  7211 | D:7      | Found Baxeapt's Gadget Shop.
  7443 | D:7      | Reached skill level 8 in Hexes
  7521 | D:7      | Reached skill level 3 in Fire Magic
  7534 | D:7      | Reached **** piety under Vehumet
  7551 | D:7      | HP: 15/51 [poisoned by a killer bee]
  7557 | D:7      | HP: 14/51 [poisoned by a killer bee]
  7565 | D:7      | HP: 14/51 [poisoned by a killer bee]
  7822 | Temple   | Entered the Ecumenical Temple
  8156 | D:8      | Reached skill level 4 in Fire Magic
  8327 | D:8      | Reached skill level 9 in Spellcasting
  8327 | D:8      | Reached skill level 5 in Fire Magic
  8467 | D:8      | Found an ornate altar of the Wu Jian Council.
  8517 | D:8      | Found a glowing silver altar of Zin.
  8519 | D:8      | Found a white marble altar of Elyvilon.
  8525 | D:8      | Found a glowing golden altar of the Shining One.
  8557 | D:8      | Offered knowledge of Conjure Flame by Vehumet.
  8602 | D:8      | Learned a level 3 spell: Conjure Flame
  8659 | D:8      | HP: 14/51 [centaur/shortbow (2)]
  8660 | D:8      | Reached skill level 6 in Fire Magic
  9350 | D:8      | Noticed a kobold demonologist
  9363 | D:8      | Killed a kobold demonologist
  9363 | D:8      | Reached skill level 7 in Fire Magic
  9391 | D:8      | Reached XP level 10. HP: 26/56 MP: 12/25
  9568 | D:8      | Reached skill level 10 in Spellcasting
  9790 | D:8      | Reached skill level 8 in Fire Magic
 10100 | D:8      | Reached ***** piety under Vehumet
 10154 | D:8      | Offered knowledge of Iron Shot by Vehumet.
 10359 | D:9      | Found Vafeamos's Gadget Boutique.
 10668 | D:9      | Reached skill level 9 in Fire Magic
 10740 | D:9      | Noticed Psyche
 10754 | D:9      | Killed Psyche
 10767 | D:9      | Learned a level 6 spell: Iron Shot
 10805 | D:9      | Reached skill level 11 in Spellcasting
 11082 | D:9      | Reached skill level 1 in Earth Magic
 11102 | D:9      | Reached skill level 2 in Earth Magic
 11114 | D:9      | HP: 16/56 [killer bee (5)]
 11119 | D:9      | HP: 13/56 [poisoned by a killer bee]
 11124 | D:9      | HP: 10/56 [poisoned by a killer bee]
 11129 | D:9      | HP: 9/56 [poisoned by a killer bee]
 11136 | D:9      | HP: 9/56 [poisoned by a killer bee]
 11144 | D:8      | HP: 8/56 [poisoned by a killer bee]
 11479 | D:9      | Reached skill level 3 in Earth Magic
 11493 | D:9      | Reached skill level 4 in Earth Magic
 11493 | D:9      | HP: 8/55 [yak (12)]
 11502 | D:9      | Slain by a yak

Vault maps used:
D:1:      saegor_arrival_simple_a
D:2:      marbit_many_paths, amethyst_overflow_temple_binary, first_ration,
          serial_aquarium, aquarium_bridge_straight, aquarium_bridge_square,
          aquarium_window_fake, aquarium_window_corner, aquarium_view_2f,
          aquarium_view_2b, uniq_jessica, uniq_sigmund
D:3:      overflow_temple_1_default, minmay_rat_hole
D:4:      kennysheep_spiral_hall, temple_pool_b, gup_sewer_entry_spiral,
          serial_co_window_serial, co_window_paths_a, co_window_paths_b,
          co_window_of_opportunity_a, co_window_paths_b, co_window_corner_a,
          co_window_cross_4, co_window_unsneaky_path_a, co_window_corner_cb,
          glass_columns_b, glass_columns_c, glass_columns_c, glass_columns_b
D:5:      lemuel_zombie_altar_yredelemnul, serial_shops, shop,
          minmay_misc_feat_columns, uniq_eustachio
D:6:      basic_altar
D:7:      serial_shops, shop_fountains, minmay_holes
D:8:      kennysheep_little_box, good_gods_mini_temple, special_room
D:9:      corexii_shack_village, erik_lair_orcish_takeover, serial_shops, shop,
          uniq_psyche
Temple:   nicolae_temple_figure_eight

Skill      XL: |  1  2  3  4  5  6  7  8  9 10 |
---------------+-------------------------------+-----
Spellcasting   | 2 3 4 5 6 7 9 11 | 11.9
Conjurations   | 1 2 3 5 6 7 9 |  9.0
Hexes          | 4 7 8 |  8.0
Fire Magic     | 1 7 9 |  9.3
Earth Magic    | 4 |  4.1
Fighting       | |  3.2
Throwing       | |  1.0
Dodging        | |  1.2
Stealth        | |  1.2
Ice Magic      | |  1.1
Poison Magic   | |  1.1

Action                   |  1- 3 |  4- 6 |  7- 9 | 10-12 || total
-------------------------+-------+-------+-------+-------++-------
Melee: Spear             |    44 |    67 |    25 |       ||   136
       Staff             |       |       |    13 |    85 ||    98
       Dagger            |       |       |     5 |       ||     5
       Quarterstaff      |       |       |    29 |    31 ||    60
 Cast: Sting             |    37 |   126 |   156 |    72 ||   391
       Searing Ray       |       |       |    69 |    29 ||    98
       Confuse           |       |       |    27 |     4 ||    31
       Dazzling Spray    |       |       |    24 |    24 ||    48
       Sticky Flame      |       |       |     4 |     8 ||    12
       Conjure Flame     |       |       |     1 |    14 ||    15
Evoke: Wand              |       |       |     1 |       ||     1
  Use: Scroll            |     3 |     4 |    13 |       ||    20
 Stab: Confused          |       |       |       |     2 ||     2
       Invisible         |       |       |       |     2 ||     2
       Distracted        |       |       |       |     1 ||     1
  Eat: Chunk             |     1 |     6 |    19 |     8 ||    34
Armor: Leather armour    |    26 |    34 |    91 |    74 ||   225
Dodge: Dodged            |    42 |    36 |   128 |   100 ||   306

Table legend:
 A = Spawn XP
 B = Non-spawn XP
 C = Spawn XP percentage of total XP
 D = Spawn monster count
 E = Non-spawn monster count
 F = Spawn count percentage of total count
 G = Total turns spent on level
                    A         B        C        D         E        F      G
               +---------+---------+-------+---------+---------+-------+---------
         Total |       0 |   10268 |   0.0 |       0 |     295 |   0.0 | 11502
               +---------+---------+-------+---------+---------+-------+---------
           D:1 |       0 |      32 |   0.0 |       0 |      11 |   0.0 |   889
           D:2 |       0 |     334 |   0.0 |       0 |      20 |   0.0 |  1113
           D:3 |       0 |     224 |   0.0 |       0 |      42 |   0.0 |  1069
           D:4 |       0 |     460 |   0.0 |       0 |      40 |   0.0 |  1694
           D:5 |       0 |     916 |   0.0 |       0 |      25 |   0.0 |  1244
           D:6 |       0 |     733 |   0.0 |       0 |      16 |   0.0 |   904
           D:7 |       0 |     979 |   0.0 |       0 |      25 |   0.0 |   987
           D:8 |       0 |    3239 |   0.0 |       0 |      65 |   0.0 |  2469
           D:9 |       0 |    3351 |   0.0 |       0 |      51 |   0.0 |   927
               +---------+---------+-------+---------+---------+-------+---------

Table legend:
 A = Turns spent in this place as a percentage of turns spent in the entire game.
 B = Non-inter-level travel turns spent in this place as a percentage of non-inter-level travel turns spent in the entire game.
 C = Inter-level travel turns spent in this place as a percentage of turns spent in this place.
 D = Turns resting spent in this place as a percentage of non-inter-level travel turns spent in this place.
 E = Turns spent auto-exploring this place as a percentage of non-inter-level travel turns spent in this place.
 F = Non-inter-level travel turns spent in this place divided by the number of levels of this place that you've seen.
                   A       B       C       D       E      F
               +-------+-------+-------+-------+-------+----------------------
         Total | 100.0 | 100.0 |   4.9 |  28.9 |  36.2 | 1093.3
       Dungeon |  98.2 |  98.4 |   4.8 |  29.4 |  35.1 | 1194.9
        Temple |   1.8 |   1.6 |  13.1 |   0.0 |  98.9 | 179.0
               +-------+-------+-------+-------+-------+----------------------

Vault maps used:
D:1:      saegor_arrival_simple_a
D:2:      marbit_many_paths, amethyst_overflow_temple_binary, first_ration,
          serial_aquarium, aquarium_bridge_straight, aquarium_bridge_square,
          aquarium_window_fake, aquarium_window_corner, aquarium_view_2f,
          aquarium_view_2b, uniq_jessica, uniq_sigmund
D:3:      overflow_temple_1_default, minmay_rat_hole
D:4:      kennysheep_spiral_hall, temple_pool_b, gup_sewer_entry_spiral,
          serial_co_window_serial, co_window_paths_a, co_window_paths_b,
          co_window_of_opportunity_a, co_window_paths_b, co_window_corner_a,
          co_window_cross_4, co_window_unsneaky_path_a, co_window_corner_cb,
          glass_columns_b, glass_columns_c, glass_columns_c, glass_columns_b
D:5:      lemuel_zombie_altar_yredelemnul, serial_shops, shop,
          minmay_misc_feat_columns, uniq_eustachio
D:6:      basic_altar
D:7:      serial_shops, shop_fountains, minmay_holes
D:8:      kennysheep_little_box, good_gods_mini_temple, special_room
D:9:      corexii_shack_village, erik_lair_orcish_takeover, serial_shops, shop,
          uniq_psyche
Temple:   nicolae_temple_figure_eight
